 Dungeon Crawl Stone Soup version 0.29.1-2-gbd0b4ee654 (webtiles) character file.

Game seed: 4504235945472416422

721 croobank the Changer (level 7, 0/46 HPs)
             Began as an Octopode Transmuter on Nov 19, 2022.
             Was an Initiate of Gozag.
             Slain by an orc
             ... wielding a +0 dagger
              (3 damage)
             ... on level 6 of the Dungeon.
             The game lasted 00:14:35 (5379 turns).

croobank the Changer (Octopode Transmuter)          Turns: 5379, Time: 00:14:36

Health: 0/46       AC:  1    Str:  9    XL:     7   Next: 71%
Magic:  8/12       EV: 14    Int: 17    God:    Gozag
Gold:   123        SH:  0    Dex: 13    Spells: 2/12 levels left

rFire   + . .      SeeInvis .   m - +1 short sword (vamp)
rCold   . . .      Faith    .   (no shield)
rNeg    + . .      Spirit   .   (helmet currently unavailable)
rPois   .          Reflect  .   (no amulet)
rElec   .          Harm     .   o - ring of positive energy
rCorr   +          Rampage  .   q - ring of resist corrosion
Will    .....                   f - ring of protection from fire
Stlth   ++........              (no ring)
HPRegen 0.15/turn               (no ring)
MPRegen 0.13/turn               (no ring)
                                (no ring)
                                (no ring)

@: appendages, wereblooded, gold aura, very slightly contaminated
A: tentacle spike 3, almost no armour, amphibious, 8 rings, camouflage 1,
gelatinous body 1, (nimble swimmer 1), tentacles
a: End Transformation, Renounce Religion, Potion Petition, Call Merchant, Bribe
Branch


You were on level 6 of the Dungeon.
You worshipped Gozag.
Gozag was aware of your devotion.
One of your tentacles had grown a beastly spike.
You visited 2 branches of the dungeon, and saw 9 of its levels.

You collected 275 gold pieces.
You paid 152 gold pieces to Gozag.

Inventory:

Hand Weapons
 b - a +1 dagger of pain
 d - a +2 vorpal mace
 g - a +0 hand axe
 m - a +1 vampiric short sword (weapon)
Missiles
 s - a curare-tipped dart (quivered)
Jewellery
 f - a ring of protection from fire (on tentacle)
 o - a ring of positive energy (left tentacle)
 q - a ring of resist corrosion (right tentacle)
Wands
 t - a wand of roots (10)
Scrolls
 e - a scroll of butterflies
 p - a scroll of immolation
Potions
 a - a potion of lignification
 c - a potion of ambrosia
 i - 4 potions of flight
 j - 2 potions of attraction
 k - 3 potions of mutation
 l - a potion of invisibility {unknown}
 n - a potion of might {unknown}


   Skills:
 + Level 3.1 Fighting
 + Level 3.6 Dodging
 + Level 4.4 Unarmed Combat
 + Level 3.4 Spellcasting
 + Level 4.4 Transmutations
 + Level 1.0 Ice Magic
 + Level 2.8 Poison Magic


You had 2 spell levels left.
You knew the following spells:

 Your Spells              Type           Power      Damage    Failure   Level
a - Beastly Appendage     Tmut           36%        N/A       2%          1
b - Wereblood             Tmut           18%        N/A       4%          2
c - Spider Form           Tmut/Pois      15%        N/A       12%         3
d - Ice Form              Ice/Tmut       12%        N/A       47%         4

Your spell library contained the following spells:

 Spells                   Type           Power      Damage    Failure   Level


Dungeon Overview and Level Annotations

Branches:
Dungeon (8/15)             Temple (1/1) D:6
   Lair: D:8-11

Altars:
Fedhas
Gozag
Kikubaaqudgha
Qazlal
Sif Muna
Trog
Yredelemnul

Annotations:
D:4 Edmund
D:6 Grinder


Innate Abilities, Weirdness & Mutations

One of your tentacles has grown a beastly spike.
You cannot wear most types of armour.
You are amphibious.
You can wear up to eight rings at the same time.
Your skin changes colour to match your surroundings (Stealth+).
Your rubbery body absorbs attacks. (AC +1, EV +1)
((You are camouflaged when in or above water. (Stealth+)))
You have tentacles for arms and can constrict up to eight enemies at once.


Message History

You miscast Wereblood.
You are very lightly contaminated with residual magic.
Nothing appears to happen.
The orc closely misses you. The orc hits you with a +0 dagger.
You hit the orc but do no damage. You grab the orc.
You pierce the orc, but do no damage.
You squeeze the orc, but do no damage.
You constrict the orc, but do no damage.
The orc barely misses you. The orc misses you.
You hit the orc but do no damage.
You pierce the orc, but do no damage.
You squeeze the orc.
The orc is heavily wounded.
You constrict the orc, but do no damage.
The orc hits you with a +0 mace.
You hit the orc but do no damage. You squeeze the orc.
You kill the orc!
The orc closely misses you. The orc wizard closely misses you.
Grinder blinks!
Okay, then.
Okay, then.
Casting: Wereblood (safe; 4% risk of failure)
Confirm with . or Enter, or press ? or * to list all spells.
Your blood is infused with primal strength.
The orc hits you with a +0 dagger. The orc wizard barely misses you.
Grinder completely misses you.
You hit Grinder but do no damage. Your grab misses Grinder.
Your squeeze misses Grinder. The orc hits you with a +0 dagger.
The orc wizard gestures at you while chanting.
The magic dart hits you! Grinder hits you.
You hit Grinder. You grab Grinder.
You pierce Grinder, but do no damage.
Grinder is lightly wounded.
You constrict Grinder.
The orc wizard casts a spell.
The orc wizard flickers and vanishes!
Deactivating autopickup; reactivate with Ctrl-A.
The orc closely misses you. Grinder hits you!
* * * LOW HITPOINT WARNING * * *
You writhe in agony.
* * * LOW HITPOINT WARNING * * *
The orc hits you with a +0 dagger.
You die...
Your body crumbles into a pile of gold.

#.#.# #.#.# #.#.# ####
######.#.#######
#...###...##.#>.......
##............#########
#...#...#.###.#
##.#..#o#..###.#
......{@5......#
......#$#..##..#
##...#...#......
#.#.......##... #
#.#####.##..# .# #. ..
## #(


You could see Grinder and an orc.

Vanquished Creatures
  Menkaure (D:4)
  A centaur (D:8)
  A phantom (D:5)
  A necrophage (D:5)
  A scorpion (D:4)
  An orc priest (D:3)
  A jelly (D:7)
  Natasha (twice) (D:4)
  Robin (D:4)
  4 gnolls
  8 adders
  5 worms
  2 dart slugs
  7 orcs
  5 endoplasms
  3 giant cockroaches
  14 goblins
  6 hobgoblins
  6 kobolds
  5 quokkas
  3 ball pythons
  2 bats (D:1)
  5 frilled lizards
  7 rats
92 creatures vanquished.

Notes
Turn   | Place    | Note
-------+----------+-------------------------------------------
     0 | D:1      | croobank the Octopode Transmuter began the quest for the
                  | Orb.
     0 | D:1      | Reached XP level 1. HP: 13/13 MP: 3/3
   428 | D:1      | Reached XP level 2. HP: 15/18 MP: 3/5
   496 | D:1      | Learned a level 2 spell: Wereblood
   693 | D:1      | Reached XP level 3. HP: 14/23 MP: 2/6
  1885 | D:2      | Reached XP level 4. HP: 25/29 MP: 4/7
  2230 | D:2      | Found an ancient bone altar of Kikubaaqudgha.
  2419 | D:3      | Reached XP level 5. HP: 22/34 MP: 6/8
  2601 | D:3      | Learned a level 3 spell: Spider Form
  2604 | D:3      | Identified the +1 ring mail "Oluwaaf" {rPois rCorr}
  3178 | D:3      | Found a faded altar of an unknown god.
  3202 | D:3      | Found a bloodstained altar of Trog.
  3643 | D:4      | Reached skill level 1 in Poison Magic
  3742 | D:4      | Noticed Natasha
  3752 | D:4      | Killed Natasha
  3753 | D:4      | Reached XP level 6. HP: 15/40 MP: 7/10
  3953 | D:4      | Noticed Menkaure
  3965 | D:4      | Killed Menkaure
  4024 | D:4      | Noticed Robin
  4040 | D:4      | Killed Robin
  4221 | D:4      | Reached XP level 7. HP: 36/45 MP: 8/11
  4373 | D:4      | Noticed Natasha
  4387 | D:4      | Killed Natasha
  4398 | D:4      | Noticed Edmund
  4409 | D:5      | Entered Level 5 of the Dungeon
  4611 | D:5      | Learned a level 4 spell: Ice Form
  4956 | D:5      | You fall into a shaft and drop 3 floors!
  5058 | D:8      | Reached skill level 1 in Ice Magic
  5212 | D:8      | Identified the +3 leather armour "Owizxe" {+Inv rF+ Str+3
                  | Int+2 Dex+3}
  5339 | D:6      | Found a staircase to the Ecumenical Temple.
  5346 | D:6      | Noticed Grinder
  5348 | Temple   | Entered the Ecumenical Temple
  5360 | Temple   | Became a worshipper of Gozag Ym Sagoz the Greedy
  5379 | D:6      | Slain by an orc

Illustrated notes

Levels and vault maps discovered:
D:1:      shiori_arrival_oz, layout_loops_ring, dreamdust_princess_corridor
D:2:      layout_rooms, basic_altar, st_stairs_11, minmay_tetromino_t2
D:3:      layout_basic, trog_butcher_becter, shapermc_ecumenical_altar_petra
D:4:      layout_cave_pools, roderic_cross_of_infinity, minmay_misc_feat_roman,
          uniq_menkaure, uniq_edmund, uniq_natasha, uniq_robin
D:5:      layout_gridville, chequers_decorated_corner
D:6:      layout_loops_ring, minmay_temple_entry_crystal_x,
          kennysheep_small_circle, uniq_grinder
D:7:      layout_basic
D:8:      nicolae_cairo_tiling_large_dashed, layout_rooms,
          nicolae_overflow_crystal_walls, kennysheep_slug_shrine,
          kiku_gazebo_pond_becter, grunt_temple_overflow_open
Temple:   nicolae_temple_god_jail

Skill      XL: |  1  2  3  4  5  6  7 |
---------------+----------------------+-----
Fighting       | 2 3 |  3.1
Transmutations | 3 4 |  4.4
Poison Magic   | 1 2 |  2.8
Dodging        | 3 |  3.6
Unarmed Combat | 4 |  4.4
Spellcasting   | 3 |  3.4
Ice Magic      | 1 |  1.0

Action                   |  1- 3 |  4- 6 |  7- 9 || total
-------------------------+-------+-------+-------++-------
Melee: Unarmed           |    62 |     8 |       ||    70
       Kick              |    23 |    37 |    24 ||    84
       Constrict         |    18 |    36 |     4 ||    58
       Tentacles         |     7 |    19 |    11 ||    37
       Short sword       |     7 |   118 |    50 ||   175
       Punch             |     1 |     4 |     1 ||     6
Throw: Dart              |       |       |     2 ||     2
 Cast: Beastly Appendage |    18 |    16 |     6 ||    40
       Wereblood         |     9 |    16 |     4 ||    29
       Spider Form       |       |     1 |       ||     1
Evoke: Wand              |       |       |     1 ||     1
  Use: Scroll            |     6 |     5 |     4 ||    15
       Potion            |       |     2 |     1 ||     3
 Stab: Sleeping          |     2 |     2 |       ||     4
Armor: Skin              |     8 |     5 |     4 ||    17
Dodge: Dodged            |    40 |    91 |    39 ||   170
